 Dungeon Crawl Stone Soup version 0.32-a0-616-g9348d4545b (webtiles) character file.

Game seed: 17461118702826378909

260 adelrune the Shooter (level 6, -9/47 HPs)
             Began as a Coglin Hunter on Mar 5, 2024.
             Was a Follower of Ru.
             Mangled by Eustachio
             ... wielding a +0 falchion
              (11 damage)
             ... on level 5 of the Dungeon.
             The game lasted 00:05:29 (2843 turns).

adelrune the Shooter (Coglin Hunter)                Turns: 2843, Time: 00:05:30

Health: -9/47      AC:  3    Str: 12    XL:     6   Next: 17%
Magic:  6/6        EV: 13    Int:  8    God:    Ru [*.....]
Gold:   174        SH:  0    Dex: 19    Spells: 5/5 levels left

rFire   . . .        a - +2 sling {Deepnoor}
rCold   . . .        d - +0 sling {Ulrike}
rNeg    . . .        g - +1 robe {Will+}
rPois   .            (no helmet)
rElec   .            (no cloak)
rCorr   .            (no gloves)
SInv    .            (no boots)
Will    +....        (amulet unavailable)
Stlth   ++           (ring unavailable)
HPRegen 0.27/turn    (ring unavailable)
MPRegen 0.10/turn    (no gizmo)

%: no passive effects
@: revved
A: no air magic, no alchemy magic, no summoning magic, off-hand wielding, slow
wielding, warmup strikes, no jewellery
a: Invent Gizmo, Renounce Religion


You were on level 5 of the Dungeon.
You worshipped Ru.
Ru was aware of your devotion.
You visited 1 branch of the dungeon, and saw 5 of its levels.

You collected 174 gold pieces.

Inventory:

Hand Weapons
 a - a +2 sling (weapon) {Deepnoor}
 d - a +0 sling (offhand) {Ulrike}
 j - a +2 dagger of distortion
Missiles
 l - a throwing net
Armour
 c - a +0 leather armour
 g - a +1 robe of willpower (worn)
Scrolls
 b - a scroll of butterflies
 e - a scroll of vulnerability {unknown}
 f - 2 scrolls of amnesia {unknown}
 h - a scroll of enchant weapon {unknown}
 i - a scroll of teleportation {unknown}
 m - 3 scrolls of identify {unknown}
 q - 2 scrolls of revelation {unknown}
 s - a scroll of enchant armour {unknown}
 u - a scroll of fear {unknown}
Potions
 k - a potion of resistance {unknown}
 n - 2 potions of enlightenment {unknown}
 o - a potion of berserk rage {unknown}
 p - 2 potions of ambrosia {unknown}
 r - 2 potions of cancellation {unknown}
 t - a potion of might {unknown}
 v - 2 potions of mutation {unknown}
 w - a potion of heal wounds {unknown}


   Skills:
 + Level 3.5 Fighting
 * Level 5.3 Ranged Weapons
 + Level 3.1 Dodging
 - Level 0.7 Stealth


You had 5 spell levels left.
You didn't know any spells.
Your spell library contained the following spells:

 Spells                   Type           Power      Damage    Failure   Level
 Foxfire                  Conj/Fire      0%         2x1d4     41%         1
 Starburst                Conj/Fire      0%         6d3       100%        6
 Static Discharge         Conj/Air       Unusable   3-3/arc   N/A         2
 Airstrike                Air            Unusable   2d(0-16)  N/A         4
 Summon Lightning Spire   Summ/Air       Unusable   N/A       N/A         4
 Plasma Beam              Fire/Air       Unusable   2x1d10    N/A         6

Dungeon Overview and Level Annotations

Branches:
Dungeon (5/15)
 Temple: D:4-7

Altars:
Ru

Annotations:
D:5 Eustachio


Innate Abilities, Weirdness & Mutations

You cannot study or cast Air magic.
You cannot study or cast Alchemy magic.
You cannot study or cast Summoning magic.
You can wield a second weapon in your off-hand.
It takes a long time for you to wield or remove held weapons.
Your first few attacks do less damage.
You cannot equip rings or amulets.


Message History

The ufetubus slips past you! The ufetubus hits you.
The ufetubus barely misses you. Eustachio hits you with a +0 falchion!
The quokka bites you.
* * * LOW HITPOINT WARNING * * *
The quokka barely misses you. The ufetubus hits you.
* * * LOW HITPOINT WARNING * * *
The ufetubus closely misses you. The crimson imp closely misses you.
Eustachio casts a spell.
Fire: a) +2 sling {Deepnoor}
Press: ? - help, Q - select action, (/) - cycle Shift-Dir - straight line, f/p - Eustachio
Aim: Eustachio, wielding a +0 falchion and wearing a +0 leather armour (almost dead, 54% to hit)
You shoot a sling bullet.
The sling bullet hits Eustachio but does no damage.
Eustachio is almost dead.
You shoot a sling bullet. The sling bullet hits Eustachio.
Eustachio is almost dead.
The quokka barely misses you. The ufetubus misses you. x2
The quokka closely misses you. x2; The ufetubus barely misses you. x2
The crimson imp misses you.
The crimson imp hits you but does no damage.
Eustachio hits you with a +0 falchion!
* * * LOW HITPOINT WARNING * * *
The quokka misses you.
Fire: a) +2 sling {Deepnoor}
Press: ? - help, Q - select action, (/) - cycle Shift-Dir - straight line, f/p - Eustachio
Aim: Eustachio, wielding a +0 falchion and wearing a +0 leather armour (almost dead, 54% to hit)
You shoot a sling bullet. The sling bullet hits Eustachio.
Eustachio is almost dead.
You shoot a sling bullet.
The sling bullet hits Eustachio but does no damage.
Eustachio is almost dead.
The ufetubus closely misses you. x2; The quokka barely misses you.
The quokka closely misses you. The crimson imp barely misses you.
The crimson imp hits you.
* * * LOW HITPOINT WARNING * * *
Eustachio hits you with a +0 falchion!
You die...
Eustachio says, "Such is the fate of all honourless rascals."
Ru respects your ultimate sacrifice.

... ... ≈≈. ... #≈h
#.≈ #≈# ###.≈###≈#
....≈≈≈≈≈#
.........###
....<.@....#
.....r5@5..####
......rr5.....# ###
(..........##.###<#
.......##.###..##.#
....... #.....>...#
####... ###.#..#..#
#### #.......#
###.......
##..#####


You could see Eustachio, a hound, 2 crimson imps, an ufetubus (summoned) and 3
quokkas.

Vanquished Creatures
  2 hounds
  6 gnolls
  7 adders
  3 dart slugs
  4 orcs (D:4)
  8 ball pythons
  8 endoplasms
  6 giant cockroaches
  7 goblins
  6 hobgoblins
  3 quokkas
  4 bats
  A frilled lizard (D:1)
  6 kobolds
  3 rats
74 creatures vanquished.

Notes
Turn   | Place    | Note
-------+----------+-------------------------------------------
     0 | D:1      | adelrune the Coglin Hunter began the quest for the Orb.
     0 | D:1      | Reached XP level 1. HP: 16/16 MP: 1/1
   140 | D:1      | Reached XP level 2. HP: 22/22 MP: 2/2
   190 | D:1      | Reached skill level 4 in Ranged Weapons
   293 | D:1      | Reached XP level 3. HP: 28/28 MP: 3/3
   832 | D:2      | Reached XP level 4. HP: 33/34 MP: 4/4
  1404 | D:3      | Found a sacrificial altar of Ru.
  1414 | D:3      | Became a worshipper of Ru the Awakened
  1453 | D:3      | Reached XP level 5. HP: 41/41 MP: 5/5
  1837 | D:3      | Identified the +4 spear of the Sea {flame, rF+ Int+3}
  2091 | D:4      | Reached skill level 5 in Ranged Weapons
  2458 | D:4      | Gained mutation: You cannot study or cast Air magic. [Ru
                  | sacrifice]
  2458 | D:4      | Gained mutation: You cannot study or cast Alchemy magic.
                  | [Ru sacrifice]
  2458 | D:4      | Gained mutation: You cannot study or cast Summoning magic.
                  | [Ru sacrifice]
  2458 | D:4      | Reached * piety under Ru
  2460 | D:4      | Reached XP level 6. HP: 47/47 MP: 6/6
  2802 | D:5      | Entered Level 5 of the Dungeon
  2820 | D:5      | Noticed Eustachio
  2843 | D:5      | HP: 2/47 [crimson imp[Eustachio] (3)]
  2843 | D:5      | Mangled by Eustachio

Illustrated notes

Levels and vault maps discovered:
D:1:      dpeg_arrival_ternary, layout_rooms, serial_forest,
          infiniplex_forest_lined_room_2, infiniplex_forest_clump_C,
          infiniplex_forest_straight_3, infiniplex_forest_lined_2,
          infiniplex_forest_clump_medium, infiniplex_forest_clump_long,
          infiniplex_forest_lined_2, infiniplex_forest_clump_large
D:2:      layout_basic
D:3:      layout_loops_corners, old_standard_altar
D:4:      layout_basic, minmay_puff
D:5:      layout_basic, grunt_dithmenos_smoke_and_mirrors, serial_shops,
          kennysheep_mini_moat, uniq_eustachio

Skill      XL: |  1  2  3  4  5 |
---------------+----------------+-----
Dodging        | 2 3 |  3.1
Ranged Weapons | 4 5 |  5.3
Fighting       | 3 |  3.5
Stealth        | |  0.7

Action                     |  1- 3 |  4- 6 || total
---------------------------+-------+-------++-------
   Fire: Sling             |   118 |   268 ||   386
 Invoke: Sacrifice Arcana  |       |     1 ||     1
 Armour: Leather armour    |     4 |       ||     4
         Robe              |     8 |    36 ||    44
  Dodge: Dodged            |     5 |    75 ||    80

Table legend: (Time is in decaauts)
 A = Elapsed time spent in this place.
 B = Non-inter-level travel time spent in this place.
 C = Inter-level travel time spent in this place.
 D = Time resting spent in this place.
 E = Time spent auto-exploring this place.
 F = Levels seen in this place.
 G = Mean time per level.
                   A        B        C        D        E       F      G
               +--------+--------+--------+--------+--------+-----+--------+
         Total |   2875 |   2817 |     58 |    204 |   2092 |   5 |  575.0 |
       Dungeon |   2875 |   2817 |     58 |    204 |   2092 |   5 |  575.0 |
               +--------+--------+--------+--------+--------+-----+--------+

Top non-repeatable levels by time:
     D:3: 798 daAuts
     D:4: 747 daAuts
     D:1: 739 daAuts
     D:2: 545 daAuts
     D:5: 43 daAuts
